[Event "2nd Late Dr Abul K C Chess-ch A 2022"]
[Site "Dhaka"]
[Date "2022.07.03"]
[Round "1.1"]
[White "Rahman, Ziaur"]
[Black "Jamal Uddin"]
[Result "1-0"]
[ECO "D06"]
[WhiteElo "2424"]
[BlackElo "2081"]
[Annotator "TA"]
[PlyCount "89"]
[EventDate "2022.07.03"]
[EventCountry "BAN"]
[SourceTitle "playchess.com"]
[Source "ChessBase"]
[SourceQuality "1"]
[TimeControl "5400+30"]

1. d4 d5 2. c4 Nf6 3. cxd5 Nxd5 4. e4 Nf6 5. Nc3 e5 6. Nf3 exd4 {[%emt 0:02:06] D06: Queen's Gambit: Symmetrical and Baltic Defences.} 7. Qxd4 Qxd4 8. Nxd4 Bb4 {[%emt 0:01:43] White is slightly better.} 9. f3 a6 10. Bf4 {[%emt 0:00:25] [#]} c6 $146 ({Predecessor:} 10... Bxc3+ 11. bxc3 c6 12. Rb1 O-O 13. Bxb8 Rxb8 14. Nxc6 Ra8 15. Nd4 b5 16. Be2 Bd7 {1-0 (46) Rios Filho,H (2152)-De Almeida,R (1839) Rio de Janeiro 2016}) 11. O-O-O O-O 12. Na4 {[%emt 0:01:22] aiming for Nb6.} Nbd7 {[%emt 0:02:14] Prevents Nb6.} 13. a3 Nh5 (13... Be7 $14) 14. Bc7 (14. Be3 $142 $1 Ba5 15. g4) 14... Be7 $16 15. Nf5 Bg5+ 16. f4 {[%emt 0:03:20] 0x0.000862834f79dp-1022s more active pieces.} Nxf4 (16... Bxf4+ $2 17. Bxf4 Nxf4 18. Ne7+ Kh8 19. Nxc8 $18) 17. h4 $36 {[%emt 1:04:55][%cal Bh2h4,Bh4g5][%mdl 2080] White is in control.} Nd3+ 18. Kc2 Nf2 (18... Bd8 $16 {was necessary.}) 19. hxg5 $18 {[%emt 0:00:00][%cal Od1d4] Hoping for Rd4!} b5 (19... Nxd1 $142 20. Ne7+ (20. Kxd1 b5 $16) 20... Kh8) 20. Ne7+ Kh8 {[%emt 0:00:00] [#]} 21. Nxc8 $1 Nxd1 22. Ncb6 ({Worse is} 22. Kxd1 Raxc8 23. Bd6 Rfd8 $17) 22... Nxb6 23. Nxb6 ({Stronger than} 23. Bxb6 bxa4 24. Kxd1 Rfb8 $14) 23... Ra7 24. Bf4 ({And not} 24. Kxd1 Rxc7 25. a4 Rd8+ 26. Ke2 a5 27. axb5 cxb5 $17) ({White must play} 24. Bd6 $18 Nf2 25. Bxf8 Nxh1 26. Be2) 24... Nf2 $14 25. Rh4 Nxe4 26. Bd3 f5 (26... Re8 $14) 27. a4 ({White should try} 27. gxf6 $1 $16 Nxf6 28. Bd6) 27... Re8 28. a5 g6 (28... Rae7 $11) 29. Be3 $1 $16 Rae7 30. g4 (30. Bxe4 $5 Rxe4 31. Rxe4 Rxe4 32. Kd3 $11) 30... fxg4 (30... f4 $11 31. Bxf4 Rf8 32. Bxe4 Rxe4) 31. Rxg4 Kg8 {[%emt 0:00:00][%cal Oe4f6] [#]} 32. Bd4 {[%emt 0:00:00] Prevents Nf6.} ({White should play} 32. Nd7 $1 {[%mdl 512] And now Rxe4 would win.} Rxd7 33. Bxe4) 32... Re6 (32... Nd6 $16) 33. b4 $18 {[%emt 0:00:00][%mdl 1024] White has strong compensation.} R8e7 {[%emt 0:04:40] [#]} 34. Kb2 $1 {[%emt 0:00:00] Bc2 is the strong threat.} Kf7 (34... Nd6 {was called for.} 35. Bc5 Rb7) 35. Bc2 Nd2 (35... Ke8 {might work better.} 36. Nc8 Rd7) 36. Bc5 Re8 37. Rf4+ Kg8 38. Nd7 Nc4+ 39. Kc3 Rd8 40. Nf6+ Kg7 41. Ng4 {[%emt 0:00:00] Inhibits Re5.} Kg8 (41... Re2 $2 42. Bd4+ Rxd4 43. Rxd4 $18) (41... Re1 $18 42. Bd4+ Rxd4 43. Rxd4 Kf7 44. Rd7+ Ke6) 42. Nh6+ Kg7 43. Bd4+ Rxd4 44. Rf7+ Kh8 45. Rf8+ {[%emt 0:00:18] Weighted Error Value: White=0.17 (very precise) /Black=0.66} 1-0

[Event "2nd Late Dr Abul K C Chess-ch A 2022"]
[Site "Dhaka"]
[Date "2022.07.03"]
[Round "1.2"]
[White "Md, Sariatullah"]
[Black "Mohammad Fahad, Rahman"]
[Result "0-1"]
[ECO "B85"]
[WhiteElo "2057"]
[BlackElo "2396"]
[Annotator "TA"]
[PlyCount "94"]
[EventDate "2022.07.03"]
[EventCountry "BAN"]
[SourceTitle "playchess.com"]
[Source "ChessBase"]
[SourceQuality "1"]
[TimeControl "5400+30"]

1. e4 c5 2. Nf3 d6 3. d4 cxd4 4. Nxd4 Nf6 5. Nc3 Nc6 6. Bc4 Qb6 7. Nb3 e6 8. Be3 Qc7 9. O-O a6 10. a4 b6 11. Be2 Be7 12. f4 O-O 13. Bf3 Bb7 14. Qe1 Rab8 15. g4 {[%emt 0:07:30] B85: Sicilian Scheveningen: 6 Be2 a6, lines with early Be3.} Rfe8 16. Qf2 Ba8 {[%emt 0:11:40][%cal Od6d5] [#]} (16... d5 {looks sharper.} 17. Bxb6 Qxf4 18. Be3 Qc7) 17. Rae1 $146 (17. g5 $14) ({Predecessor:} 17. g5 Nd7 18. Bg2 Bf8 19. Qh4 Nb4 20. Rf2 Nc5 21. Nd4 g6 22. Rd1 Bg7 23. Rfd2 Rbd8 24. Bf2 {0-1 (40) Nagy,E (2304)-Szabo,Z (2460) Balatonlelle 2006}) 17... b5 (17... d5 $11) 18. axb5 $16 axb5 19. Nd4 $2 (19. g5 $16 {keeps the pressure on.} Nd7 20. Be2) 19... Nxd4 $17 20. Bxd4 b4 21. g5 Nd7 ({Of course not} 21... bxc3 $6 22. gxf6 e5 23. Bxc3 (23. fxe7 exd4 24. bxc3 dxc3 $17) 23... Bxf6 24. Qg2 $15) (21... e5 {keeps more tension.} 22. gxf6 exd4 23. Nd5 Bxd5 24. fxe7 Bc4) 22. Nb1 ({White should try} 22. Na4) 22... Bc6 (22... e5 $142 23. fxe5 Nxe5) 23. Rd1 Bb5 24. Rfe1 (24. Be2 $17 {might work better.}) 24... e5 $1 $19 25. Be3 d5 (25... exf4 $17 26. Bxf4 Ne5) 26. exd5 $15 exf4 27. Ba7 {[%emt 0:00:37] [#] Black must now prevent Rxe7.} Ne5 $1 28. Bxb8 Rxb8 29. Kh1 Bc5 30. Qg2 {[%emt 0:01:03] [#]} Nc4 $1 31. Nd2 Ne3 {[%emt 0:01:04] Black is more active.} 32. Rxe3 fxe3 33. Ne4 {[%emt 0:00:05] aiming for d6.} Bd6 34. Re1 Bf4 {[%emt 0:01:59] This bishop pair is nice.} 35. d6 Qc8 36. Bg4 Qf8 37. Qf3 Bxd6 38. Qxe3 Bc7 39. Bf3 Bb6 {[%emt 0:00:14] Prevents Qc5.} (39... Re8 $17 40. Qa7 Be5) 40. Qf4 Rd8 41. Ng3 ({White should play} 41. h4 $15) 41... Qc5 $17 42. Qe5 $2 {[%emt 0:00:48] This move loses the game for White.} (42. Bg2 $17) 42... Qf2 $19 43. Bd5 (43. Bg2 Bc7 44. Qe7) 43... g6 {[%emt 0:00:47] ...Re8 is the strong threat.} (43... Rxd5 $2 {[#] leads to mate.} 44. Qe8+ $3 Bxe8 45. Rxe8#) 44. Bg2 Re8 45. Qxe8+ Bxe8 46. Rxe8+ Kg7 47. Ne2 Qe1+ {[%emt 0:00:07] Weighted Error Value: White=0.79/Black=0.16 (very precise)} 0-1

[Event "2nd Late Dr Abul K C Chess-ch A 2022"]
[Site "Dhaka"]
[Date "2022.07.03"]
[Round "1.3"]
[White "Zia, Tahsin Tajwar"]
[Black "Sacchu, Afzal Hossain"]
[Result "1-0"]
[ECO "E04"]
[WhiteElo "2307"]
[BlackElo "2057"]
[Annotator "TA"]
[PlyCount "46"]
[EventDate "2022.07.03"]
[EventCountry "BAN"]
[SourceTitle "playchess.com"]
[Source "ChessBase"]
[SourceQuality "1"]
[TimeControl "5400+30"]

1. d4 Nf6 2. c4 e6 3. g3 d5 4. Bg2 dxc4 5. Nf3 c5 6. O-O Nc6 7. Ne5 Nxe5 8. dxe5 Nd5 9. Na3 {[%emt 0:01:46] E04: Open Catalan: 5 Nf3.} b6 10. Nxc4 Bb7 {[%emt 0:01:47] [#]} 11. a3 $146 {[%emt 0:05:36] White is more active.} ({White should try} 11. Qb3 $16) ({Predecessor:} 11. Qa4+ Qd7 12. Qxd7+ Kxd7 13. a3 Rd8 14. Rd1 Kc8 15. e4 Nc7 16. Bg5 Rd4 17. Rxd4 cxd4 {1-0 (56) Machlowski,S (2154)-Pietruszewski,M (2027) Krakow 2009}) 11... b5 $14 12. Nd6+ Bxd6 13. exd6 O-O (13... Qxd6 $2 14. e4 $18) 14. e4 Nf6 {[%emt 0:01:33] [#]} (14... Nb6 $14) 15. Bg5 $1 $16 Qb6 (15... Rb8 $16 16. e5 Bxg2 17. Kxg2 h6) 16. Bxf6 $18 gxf6 17. Qg4+ Kh8 18. Qf4 Kg7 19. e5 fxe5 (19... f5 {might work better.} 20. Qg5+ (20. Qh4 f6 $16) 20... Kh8 21. Bxb7 Qxb7 22. Qf6+ Kg8 23. Qg5+ Kh8 24. Qf6+ Kg8) 20. Qg5+ (20. Qxe5+ f6 21. Qxe6 Bxg2 22. Kxg2 Rad8 $16) 20... Kh8 {[%emt 0:00:17] [#]} 21. Qf6+ $1 ({Less strong is} 21. Qxe5+ f6 22. Qxe6 Rae8 $16) 21... Kg8 22. Bf3 (22. Qxe5 Bxg2 23. Kxg2 Qb7+ 24. Kg1 Qd5 $16) (22. Rfe1 $18 Qd8 23. Qxd8 Rfxd8 24. Bxb7) 22... Bc6 $2 (22... Bxf3 $11 23. Qg5+ Kh8 24. Qf6+ Kg8 25. Qg5+ Kh8 26. Qf6+ Kg8) 23. Bxc6 Qb7 {[%emt 0:00:32] Weighted Error Value: White=0.22 (precise) /Black=0.95} (23... Qxc6 $142 24. Rfe1 (24. Qxe5 Qd5 $16) 24... e4) 1-0

[Event "2nd Late Dr Abul K C Chess-ch A 2022"]
[Site "Dhaka"]
[Date "2022.07.03"]
[Round "1.4"]
[White "Shawket Bin, Osman Shaon"]
[Black "Mohammad Minhaz Uddin"]
[Result "0-1"]
[ECO "E27"]
[WhiteElo "2053"]
[BlackElo "2260"]
[Annotator "TA"]
[PlyCount "86"]
[EventDate "2022.07.03"]
[EventCountry "BAN"]
[SourceTitle "playchess.com"]
[Source "ChessBase"]
[SourceQuality "1"]
[TimeControl "5400+30"]

1. d4 Nf6 2. c4 e6 3. Nc3 Bb4 4. f3 O-O 5. a3 Bxc3+ 6. bxc3 d6 7. e4 e5 8. Bd3 c5 9. Ne2 Nc6 10. Be3 {[%emt 0:03:16] E27: Nimzo-Indian: Sämisch: 5...0-0 6 f3.} b6 11. g4 (11. d5 $11 Na5 12. Ng3) 11... Ba6 12. Ng3 {[%emt 0:01:02] [#]} (12. d5 $15 Na5 13. Ng3) 12... cxd4 $146 ({Predecessor:} 12... Na5 13. Qe2 Qd7 14. a4 Rac8 15. d5 Rc7 16. h4 Rb8 17. O-O h5 18. Bg5 Nh7 19. Nxh5 Nxg5 20. hxg5 {0-1 (40) Bjarnasson,L-Penalver,O (2126) Copenhagen 2006}) 13. cxd4 exd4 (13... Nxd4 $6 14. Bxd4 exd4 15. Be2 $11) 14. Bf2 Nd7 15. Nf5 Nde5 16. f4 (16. Bh4 $17 {keeps fighting.} Nxd3+ 17. Qxd3) 16... Nxc4 $2 ({Better is} 16... Nxd3+ $19 17. Qxd3 d5 18. exd5 Re8+ 19. Kd1 Na5) 17. Bxc4 $4 (17. Qa4 $11 N6a5 18. Bxd4) 17... Bxc4 $19 18. Bxd4 Re8 19. Bxg7 $2 (19. Qf3 Nxd4 20. Nxd4) 19... Rxe4+ 20. Kd2 Rxf4 21. Qe1 {[%emt 0:12:50] [#] Against Rf2+} (21. Bh6 $142 Rf2+ 22. Ke3 Re2+ 23. Kf4) 21... Rxf5 $1 22. gxf5 Qg5+ 23. Kc2 Qxf5+ (23... Qxg7 $2 24. Rg1 Bd3+ 25. Kxd3 Ne5+ 26. Kc2 $18) 24. Kb2 Qb5+ 25. Kc1 Qg5+ 26. Kc2 Qg2+ (26... Kxg7 27. Rg1 Qg6+ 28. Rxg6+ hxg6 29. Qg3 $11) 27. Kc1 {[%emt 0:00:47] Black must now prevent Rg1.} Na5 $2 (27... Qxg7 28. Rg1 Qg6 29. Rxg6+ hxg6 30. Qe4 $11) (27... Bd3 28. Qd2 Qxg7 29. Qxd3 Qxa1+ 30. Qb1 Qxa3+ 31. Qb2 Qc5+ 32. Qc2 Nd4 33. Qxc5 dxc5 34. Rg1+ Kf8) 28. Rg1 Nb3+ 29. Kd1 Qd5+ (29... Qf3+ 30. Kc2 Be6 31. Qxe6 $1 (31. Bh6+ Kh8 $14) 31... fxe6 32. Bc3+ Kf7 33. Raf1 Qxf1 34. Rxf1+ Ke7 35. Kxb3 $14) 30. Kc2 {[%emt 0:01:14] White wants to mate with Bf6+.} Bd3+ (30... Nxa1+ {gets mated.} 31. Bxa1+ Kf8 32. Bg7+ Kg8 33. Bf6+) (30... Qd3+ $2 31. Kb2 h5 32. Rg3 Qe2+ 33. Qxe2 Bxe2 34. Kxb3 $18) 31. Kb2 Bg6 32. Bc3 $2 {[%emt 0:01:30][%mdl 8192] Now White is beyond hope.} Nc5 33. Qd1 {[%emt 0:02:05] Inhibits Qb3+.} Qc4 34. Rg4 Qb5+ (34... Nd3+ 35. Kc2 Ne5+ 36. Rxg6+ hxg6) 35. Ka2 Re8 {[%emt 0:03:16] ( -> ...Re2+)} 36. Rb1 {[%emt 0:00:26] [#]} Qd7 ({And not} 36... Re2+ 37. Ka1 Qa6 38. a4 $17) 37. Qd4 {[%emt 0:00:35][%csl Gc3][%cal Rd4g7] Prevents Re3.} Re5 {[%emt 0:00:02] Threatens to win with ...Qe6+.} 38. Qc4 Qf5 39. Rxg6+ (39. Rf1 $17 {was necessary.} Qc2+ 40. Bb2 Qxc4+ 41. Rxc4) 39... hxg6 {[%emt 0:00:05] The board is on fire.} 40. Rb2 $2 (40. Bxe5 dxe5 41. Rd1) 40... Re4 {[%emt 0:05:32] Black is clearly winning.} 41. Re2 Rxe2+ (41... Rxc4 $2 {is a self mate.} 42. Re8+ Kh7 43. Rh8#) 42. Qxe2 Qe6+ 43. Qxe6 fxe6 {[%emt 0:00:00] Weighted Error Value: White=1.03/Black=0.68} 0-1

[Event "2nd Late Dr Abul K C Chess-ch A 2022"]
[Site "Dhaka"]
[Date "2022.07.03"]
[Round "1.5"]
[White "Subrota, Biswas"]
[Black "Ghosh, Chanchal Kumer"]
[Result "1-0"]
[ECO "B97"]
[WhiteElo "2253"]
[BlackElo "2047"]
[Annotator "TA"]
[PlyCount "57"]
[EventDate "2022.07.03"]
[EventCountry "BAN"]
[SourceTitle "playchess.com"]
[Source "ChessBase"]
[SourceQuality "1"]
[TimeControl "5400+30"]

1. e4 c5 2. Nf3 d6 3. d4 cxd4 4. Nxd4 Nf6 5. Nc3 a6 6. Bg5 e6 7. f4 Qb6 8. Qd3 Nbd7 {[%emt 0:00:00] B97: Sicilian Najdorf: Poisoned Pawn.} (8... Qxb2 $11 9. Rb1 Qa3) 9. O-O-O $14 Be7 {[%emt 0:00:00] [#]} 10. g4 $146 ({Predecessor:} 10. Qg3 Qc7 11. Bd3 b5 12. Rhe1 Bb7 13. e5 dxe5 14. fxe5 Nd5 15. Nxd5 Bxd5 16. Bxe7 Kxe7 {½-½ (92) Garcia Pantoja,R (2526)-Munkhzul,T (2278) Chess.com INT 2020}) 10... Nxg4 (10... h6 $11 11. Bxf6 Bxf6) 11. Bxe7 $1 $16 Nf2 {[%emt 0:00:00] [#]} (11... Kxe7 $2 12. Qg3 h5 13. h3 $18) 12. Qg3 Nxd1 $11 13. Qxg7 {[%emt 0:00:03] Active counter play!} Kxe7 $2 {[%emt 0:00:00][%mdl 8192] Black is now going downhill.} 14. Nf5+ $1 $18 ({Inferior is} 14. Nxd1 Rf8 $15) 14... Kd8 {[%emt 0:00:00][%cal Oh8e8] Strongly threatening ...Re8!} 15. Qxh8+ Kc7 {[%emt 0:00:00] And now ...Nf2 would win.} 16. Kxd1 {[%emt 0:00:02] The board is on fire.} Qf2 17. Ng3 Qxf4 18. Be2 Qh6 19. Qd4 b5 20. Qd2 Qh4 (20... Qxd2+ {was necessary.} 21. Kxd2 Kd8) 21. Kc1 {[%emt 0:00:27] White is clearly winning.} b4 22. Na4 Bb7 23. Qxb4 Bc6 24. Rf1 a5 25. Qc3 f5 26. Bb5 Ne5 27. exf5 Qxh2 28. Rh1 Qf2 29. Bxc6 {[%emt 0:01:17] Weighted Error Value: White=0.26 (precise) /Black=0.76} 1-0

[Event "2nd Late Dr Abul K C Chess-ch A 2022"]
[Site "Dhaka"]
[Date "2022.07.03"]
[Round "1.6"]
[White "abzid, Rahman"]
[Black "Mehdi Hasan Parag"]
[Result "0-1"]
[ECO "E51"]
[WhiteElo "2036"]
[BlackElo "2227"]
[Annotator "RC"]
[PlyCount "95"]
[EventDate "2022.07.03"]
[EventCountry "BAN"]
[SourceTitle "playchess.com"]
[Source "ChessBase"]
[SourceQuality "1"]
[TimeControl "5400+30"]

1. d4 Nf6 2. c4 e6 3. Nf3 d5 4. Nc3 Bb4 5. e3 O-O 6. Bd2 Re8 7. a3 Bd6 8. c5 Bf8 9. Ne5 c6 10. Bd3 b6 11. b4 a5 12. O-O bxc5 13. bxc5 Ba6 14. Bxa6 Rxa6 15. Rb1 Nfd7 16. f4 f6 17. Nxd7 Nxd7 18. Rb7 Ra8 19. Qb3 Kh8 20. Na4 Qc8 21. Rb1 e5 22. Qd3 exd4 23. exd4 Re4 24. Kf1 Qe8 25. Re1 f5 26. Rxe4 dxe4 27. Qb3 Nf6 28. Be3 Qh5 29. Nb6 Rd8 30. h3 h6 31. Rc7 Bxc5 32. dxc5 Rd3 33. Qc2 Rxe3 34. Rxc6 Rxa3 35. Nc4 Ra1+ 36. Kf2 Qh4+ 37. Ke3 Qg3+ 38. Kd4 Qxf4 39. g3 Qxg3 40. Rxf6 gxf6 41. c6 Qc7 42. Kc5 Rg1 43. Qb2 Qe7+ 44. Nd6 Rg8 45. Qd2 e3 46. Qh2 e2 47. Qf4 Rg5 48. Kd4 0-1

[Event "2nd Late Dr Abul K C Chess-ch A 2022"]
[Site "Dhaka"]
[Date "2022.07.03"]
[Round "2.1"]
[White "Nayem, Haque"]
[Black "Rahman, Ziaur"]
[Result "1/2-1/2"]
[ECO "B12"]
[WhiteElo "2184"]
[BlackElo "2424"]
[Annotator "TA"]
[PlyCount "31"]
[EventDate "2022.07.03"]
[EventCountry "BAN"]
[SourceTitle "playchess.com"]
[Source "ChessBase"]
[SourceQuality "1"]
[TimeControl "5400+30"]

1. e4 c6 2. d4 d5 3. e5 Bf5 4. Nf3 e6 5. Be2 c5 6. O-O Nc6 7. c3 Bg6 8. Be3 {[%emt 0:00:56] B12: Caro-Kann: Advance Variation.} cxd4 9. Nxd4 Nge7 10. f4 {[%emt 0:02:32] [#]} Qd7 $146 ({Predecessor:} 10... Nf5 11. Nxf5 Bxf5 12. Nd2 h6 13. Nf3 Be7 14. Bd3 Bxd3 15. Qxd3 g6 16. Rad1 Qa5 {0-1 (52) Van Foreest,J (2614)-Esipenko,A (2593) Skopje 2018}) 11. Nd2 Nxd4 12. cxd4 Nc6 13. Rc1 Be7 {[%emt 0:00:10] The position is equal.} 14. Bb5 O-O 15. Qa4 Rfc8 16. Nb3 {[%emt 0:00:07] Not much happened in this game.  Weighted Error Value: White=0.03 (flawless) /Black=0.04 (flawless)} 1/2-1/2

[Event "2nd Late Dr Abul K C Chess-ch A 2022"]
[Site "Dhaka"]
[Date "2022.07.03"]
[Round "2.3"]
[White "Islam, Khandaker Aminul"]
[Black "Zia, Tahsin Tajwar"]
[Result "1/2-1/2"]
[ECO "D31"]
[WhiteElo "2182"]
[BlackElo "2307"]
[Annotator "TA"]
[PlyCount "55"]
[EventDate "2022.07.03"]
[EventCountry "BAN"]
[SourceTitle "playchess.com"]
[Source "ChessBase"]
[SourceQuality "1"]
[TimeControl "5400+30"]

1. d4 d5 2. c4 e6 3. Nc3 a6 4. c5 Nc6 5. Nf3 e5 6. e3 {[%emt 0:00:50] D31: Queen's Gambit Declined: Semi-Slav without ...Nf6 (+ Marshall Gambit and Noteboom) and Exchange Variation lines without ...Nf6.} ({Don't play} 6. dxe5 d4 7. Na4 Bf5 $11) (6. Nxe5 $14 Nxe5 7. dxe5) 6... e4 $15 7. Nd2 f5 8. g3 Nf6 {[%emt 0:00:13] [#]} 9. Be2 $146 ({Predecessor:} 9. h4 Be7 10. Nb3 O-O 11. Bd2 Be6 12. Rc1 Ng4 13. Be2 Qe8 14. a3 Rf6 15. Na2 {0-1 (29) Jobava,B (2603)-Grachev,B (2612) Chess.com INT 2020}) 9... Be6 10. a3 Qd7 11. b4 Be7 12. Nb3 O-O 13. Bd2 Nd8 14. Qc2 Bf7 15. f4 exf3 16. Bxf3 Ne4 17. O-O Ne6 18. Bg2 Bh5 19. Rae1 (19. c6 $15 bxc6 20. Rac1) 19... c6 $17 20. Ne2 g5 21. Nec1 Bd8 22. Nd3 Bc7 23. Bc1 Rae8 {[%emt 0:03:10][%cal Oe4g3] aiming for ...Nxg3!} 24. Ne5 $1 Bxe5 25. dxe5 Qg7 26. Bb2 Bg6 {[%emt 0:00:05] White must now prevent ...f4.} 27. Qc1 (27. Bxe4 $5 dxe4 28. Qc4 $11) 27... h5 28. Nd4 {[%emt 0:00:54] Weighted Error Value: White=0.14 (very precise) /Black=0.07 (flawless)} (28. Bxe4 $5 fxe4 29. Rf6 $11) 1/2-1/2

[Event "2nd Late Dr Abul K C Chess-ch A 2022"]
[Site "Dhaka"]
[Date "2022.07.03"]
[Round "2.4"]
[White "Mohammad Minhaz Uddin"]
[Black "Sadnan Hasan, Dihan"]
[Result "1/2-1/2"]
[ECO "B85"]
[WhiteElo "2260"]
[BlackElo "2107"]
[Annotator "TA"]
[PlyCount "47"]
[EventDate "2022.07.03"]
[EventCountry "BAN"]
[SourceTitle "playchess.com"]
[Source "ChessBase"]
[SourceQuality "1"]
[TimeControl "5400+30"]

1. e4 c5 2. Nf3 e6 3. d4 cxd4 4. Nxd4 Nc6 5. Nc3 Qc7 6. Be2 Nf6 7. O-O a6 8. Be3 Be7 9. f4 d6 10. Kh1 O-O 11. Qe1 Bd7 12. Qg3 Kh8 13. Rae1 b5 14. a3 Rab8 15. Bd3 {[%emt 0:07:50] B85: Sicilian Scheveningen: 6 Be2 a6, lines with early Be3.} b4 16. Nxc6 Bxc6 17. axb4 Rxb4 {[%emt 0:00:58] [#] An interesting draw.  Weighted Error Value: White=0.07 (flawless) /Black=0.03 (flawless)} {Predecessor:} 18. Bc1 $146 Qb7 19. Qe3 Re8 20. b3 d5 21. e5 Ng4 22. Qh3 Nh6 23. Bd2 Rc8 24. Ne2 {0-1 (44) Nihal,S (2572)-Bachmann,A (2611) Chess.com INT 2019} 1/2-1/2

[Event "2nd Late Dr Abul K C Chess-ch A 2022"]
[Site "Dhaka"]
[Date "2022.07.03"]
[Round "2.5"]
[White "Rahman, Syed Mahfuzur"]
[Black "Subrota, Biswas"]
[Result "0-1"]
[ECO "E48"]
[WhiteElo "2122"]
[BlackElo "2253"]
[Annotator "TA"]
[PlyCount "77"]
[EventDate "2022.07.03"]
[EventCountry "BAN"]
[SourceTitle "playchess.com"]
[Source "ChessBase"]
[SourceQuality "1"]
[TimeControl "5400+30"]

1. d4 Nf6 2. c4 e6 3. Nc3 Bb4 4. e3 O-O 5. Bd3 d5 6. cxd5 exd5 7. a3 Bd6 8. Nge2 Re8 {[%emt 0:04:21] E48: Nimzo-Indian: Rubinstein: 5 Bd3 d5 including 6 Ne2, but excluding 6 a3.} 9. f3 c5 10. O-O a6 {[%emt 0:01:44] [#] Black is slightly better.} 11. Bd2 $146 ({Predecessor:} 11. Qe1 Nc6 12. Qh4 Be7 13. Qf2 b5 14. Bd2 g6 15. Rad1 {1-0 (41) Gavrish,L (2114)-Ahlander,B (2433) Heraklion 2017}) 11... b6 (11... Nc6 $15) 12. Rc1 Bb7 13. Qe1 Nc6 14. Qf2 Na5 15. Rce1 Qc7 16. g3 Nb3 17. Nc1 Nxd2 {[%emt 0:00:20] Black is more active.} 18. Qxd2 Re7 19. Bf5 Rae8 20. Nd3 g6 21. Bh3 Kg7 $36 {[%emt 0:00:26][%mdl 2048] Black is really pushing.} 22. Kf2 (22. f4 $142) 22... h5 (22... cxd4 23. exd4 Qc4 24. Rxe7 Rxe7 25. Nf4 $11) (22... c4 $142 23. Nb4 b5) 23. Kg2 ({White should play} 23. Kg1) 23... h4 $17 24. Qf2 hxg3 25. hxg3 Rh8 26. Rh1 (26. Rc1 {was called for.}) 26... cxd4 $19 27. exd4 {[%emt 0:00:14] [#]} Ne4 $1 28. fxe4 dxe4 {[%emt 0:00:03] And now ...e3+ would win.} 29. d5 exd3 30. Rxe7 (30. Ref1 $2 Be5 31. Bg4 Rxh1 32. Kxh1 Bxc3 33. bxc3 Bxd5+ 34. Kg1 Qxc3 $19) 30... Qxe7 {[%emt 0:00:08] Really sharp!} 31. Qd4+ (31. Rd1 $142) 31... Qe5 32. Qxd3 Rh5 {[%emt 0:00:01] White must now prevent ...Rg5.} 33. Rf1 Rg5 ({Weaker is} 33... Bxd5+ 34. Nxd5 Qxd5+ 35. Qxd5 Rxd5 36. Bc8 $17) (33... Qe7 $19 34. Rf3 (34. Bg4 $2 Rg5 $19) 34... a5) 34. Rf3 $17 f5 35. Kh2 (35. Qe3 $17 Qxe3 36. Rxe3) 35... Qf6 36. Bg2 (36. Qd2 $17 {is a better defense.} Rh5 37. Ne4) 36... Be5 (36... a5 $19 {...Rg4 is the strong threat.} 37. Bh3 Rh5) 37. Kg1 Qd6 38. Kf2 Rg4 {[%emt 0:03:11] aiming for ...Rd4.} 39. Bh1 $2 {[%emt 0:01:15] Weighted Error Value: White=0.22 (precise) /Black=0.13 (very precise)} (39. Ne2 $17) 0-1

[Event "2nd Late Dr Abul K C Chess-ch A 2022"]
[Site "Dhaka"]
[Date "2022.07.03"]
[Round "2.6"]
[White "Mehdi Hasan Parag"]
[Black "Masum, Hossain"]
[Result "0-1"]
[ECO "C02"]
[WhiteElo "2227"]
[BlackElo "2100"]
[Annotator "RC"]
[PlyCount "80"]
[EventDate "2022.07.03"]
[EventCountry "BAN"]
[SourceTitle "playchess.com"]
[Source "ChessBase"]
[SourceQuality "1"]
[TimeControl "5400+30"]

1. e4 e6 2. d4 d5 3. e5 c5 4. c3 Nc6 5. Nf3 Bd7 6. Bd3 Qb6 7. dxc5 Bxc5 8. b4 Bxf2+ 9. Ke2 Nh6 10. Qd2 d4 11. Qg5 dxc3 12. b5 Nb4 13. Ba3 Bc5 14. Bxb4 Bxb4 15. a4 O-O 16. Qf4 Qc5 17. Rc1 a6 18. Nbd2 f5 19. exf6 Rxf6 20. Qe4 Nf5 21. Nb3 Qa7 22. Rf1 Re8 23. Ne5 Bc8 24. Ng4 Rg6 25. Qxb4 Rxg4 26. b6 Rxb4 27. bxa7 Bd7 28. Nc5 Rb2+ 29. Ke1 Bc6 30. Bc4 Nd4 31. Rc1 b6 32. Nxa6 Nc2+ 33. Rxc2 Rxc2 34. Nc7 Rc1+ 35. Ke2 Rxf1 36. Kd3 Rd8+ 37. Kxc3 Rc1+ 38. Kb3 Bxa4+ 39. Kb4 Rxc4+ 40. Kxc4 Bc6 0-1